 Dungeon Crawl Stone Soup version 0.19-a0-1568-gdd01aac (webtiles) character file.

245 Vasilisck the Skirmisher (level 5, 0/42 HPs)
             Began as a Demonspawn Fighter on Sept 15, 2016.
             Slain by Menkaure (15 damage)
             ... in an ossuary.
             The game lasted 00:05:39 (3349 turns).

Vasilisck the Skirmisher (Demonspawn Fighter)       Turns: 3349, Time: 00:05:40

Health: 0/42       AC:  9    Str: 17    XL:     5   Next: 83%
Magic:  5/5        EV:  6    Int: 10    God:
Gold:   160        SH:  9    Dex: 12    Spells: 0 memorised, 4 levels left

rFire  + + .     SeeInvis .     a - +3 war axe
rCold  x . .     Gourm    .     r - +0 fire dragon armour
rNeg   . . .     Faith    .     c - +0 shield
rPois  .         Spirit   .     (no helmet)
rElec  .         Dismiss  .     (no cloak)
rCorr  .         Reflect  .     (no gloves)
MR     .....     Harm     .     (no boots)
Stlth  ..........               y - amulet of regeneration
                                (no ring)
                                (no ring)

@: very slightly contaminated, hasted, very quick
A: claws 1, powered by pain 1
a: no special abilities


You were in an ossuary.
You were not hungry.

You visited 1 branch of the dungeon, and saw 4 of its levels.
You also visited: Ossuary.

You collected 160 gold pieces.

Inventory:

Hand Weapons
 a - a +3 war axe (weapon)
Armour
 b - a +0 scale mail
 c - a +0 shield (worn)
 r - a +0 fire dragon armour (worn)
Jewellery
 l - a +3 amulet of reflection
 t - an uncursed amulet of magic regeneration
 y - an amulet of regeneration (around neck)
Scrolls
 g - a scroll of identify
 k - a scroll of fear {unknown}
 n - a scroll of noise {unknown}
 q - a scroll of immolation {unknown}
 s - a scroll of teleportation {unknown}
 x - a scroll of remove curse {unknown}
Potions
 d - a potion of lignification {unknown}
 e - a potion of brilliance {unknown}
 h - a potion of cure mutation {unknown}
 j - a potion of agility
 m - a potion of flight {unknown}
 o - a potion of curing {unknown}
 p - a potion of heal wounds {unknown}
 u - a potion of invisibility {unknown}
 w - a potion of resistance {unknown}
Comestibles
 f - a bread ration
 i - 5 meat rations


   Skills:
 + Level 4.1 Fighting
 + Level 3.3 Axes
 + Level 3.6 Armour
 + Level 3.8 Shields


You had 4 spell levels left.
You didn't know any spells.

Dungeon Overview and Level Annotations

Branches:
Dungeon (4/15)
 Temple: D:4-7

Altars:

Shops:
D:4 [

Annotations:
Ossuary Menkaure


Innate Abilities, Weirdness & Mutations

You have sharp fingernails.
You sometimes gain a little power by taking damage.


Message History

You slash Menkaure!
Menkaure is heavily damaged.
You slash the mummy! You block Menkaure's attack. You block the mummy's attack.
You slash Menkaure!
Menkaure is almost destroyed.
You barely miss the mummy. Menkaure hits you.
You barely miss Menkaure.
Menkaure is almost destroyed.
Your shield and fire dragon armour prevent you from hitting the mummy.
The mummy hits you!
Menkaure giggles, "These cerements are ticklish..."
Menkaure calls on the powers of darkness!
Your body is wracked with pain!
You feel yourself speed up. Menkaure hits you.
The mummy hits you but does no damage.
You are very lightly contaminated with residual magic.
You barely miss Menkaure.
Menkaure is almost destroyed.
You hit the mummy. Menkaure hits you!
You die... ######.'..# #....###..# #....#.#..# ? #....'.#..# !$ #....#.'..# $MM ########..# ?MM?

#....#.#..# !??..
#....#.#..#
......#@...'.'..#
....MMMM...###..#
############ #..#
#..# +..# #..#
#..# ..#


You could see Menkaure and 3 mummies.

Vanquished Creatures
  Jessica (D:2)
  A worker ant (D:4)
  The ghost of junb69 the Skirmisher, a weakling MiCK of Xom (D:3)
  4 gnolls (D:3)
  6 adders
  2 oozes (D:1)
  2 adder zombies (Ossuary)
  2 worms (D:2)
  2 dart slugs
  5 orcs (D:3)
  A ball python (D:2)
  A giant cockroach (D:1)
  5 goblins
  10 hobgoblins
  A quokka (D:3)
  5 bats
  2 frilled lizards
  6 kobolds
  2 kobold zombies (Ossuary)
  A quokka zombie (Ossuary)
  4 rats
  A rat zombie (Ossuary)
65 creatures vanquished.

Vanquished Creatures (others)
  7 toadstools (D:1)
7 creatures vanquished.

Grand Total: 72 creatures vanquished

Notes
Turn   | Place    | Note
-------+----------+-------------------------------------------
     0 | D:1      | Vasilisck the Demonspawn Fighter began the quest for the Orb.
     0 | D:1      | Reached XP level 1. HP: 18/18 MP: 1/1
   167 | D:1      | Gained mutation: You sometimes gain a little power by taking damage. [demonic ancestry]
   167 | D:1      | Reached XP level 2. HP: 24/24 MP: 2/2
   814 | D:2      | Reached XP level 3. HP: 29/29 MP: 3/3
  1063 | D:2      | Found a faded altar of an unknown god.
  1095 | D:2      | Noticed Jessica
  1103 | D:2      | Killed Jessica
  1103 | D:2      | Reached XP level 4. HP: 10/36 MP: 4/4
  1983 | D:3      | Noticed junb69's ghost (weakling MiCK)
  1988 | D:3      | Killed junb69's ghost
  2325 | D:3      | Gained mutation: You have sharp fingernails. [demonic ancestry]
  2325 | D:3      | Reached XP level 5. HP: 36/42 MP: 5/5
  2524 | D:3      | Reached skill level 4 in Fighting
  3133 | D:4      | Found Cuij Qoa's Antique Armour Shoppe.
  3141 | D:4      | Found a sand-covered staircase.
  3160 | Ossuary  | Entered an ossuary
  3337 | Ossuary  | Noticed Menkaure
  3349 | Ossuary  | Slain by Menkaure

Vault maps used:
D:1:      nagdon_arrival_double_spiral
D:2:      ecumenical_altar_2, first_bread, supply_closet_lemuel,
          serial_bayou_pond_d, uniq_jessica
D:3:      guppyfry_early_orc_mine
D:4:      serial_shops, shop, lightli_ossuary_entry_decrepit_ruins
Ossuary:  ossuary_boxes_badplayer

Skill      XL: |  1  2  3  4  5 |
---------------+----------------+-----
Axes           | 2 3 |  3.3
Shields        | 3 |  3.8
Armour         | 3 |  3.6
Fighting       | 4 |  4.1

Action                   |  1- 3 |  4- 6 || total
-------------------------+-------+-------++-------
Melee: War axe           |    75 |   137 ||   212
  Use: Scroll            |     1 |     4 ||     5
       Potion            |       |     4 ||     4
  Eat: Bread ration      |       |     2 ||     2
       Chunk             |       |     2 ||     2
Armor: Scale mail        |    17 |       ||    17
       Fire dragon armou |    16 |    53 ||    69
Dodge: Dodged            |    22 |    46 ||    68
Block: Shield            |    55 |    82 ||   137
